 Dungeon Crawl Stone Soup version 0.27-a0-141-g0b64aa269c (console) character file.

Game seed: 8638088414259756781

32 Aeth the Magician (level 3, -2/24 HPs)
             Began as a Demonspawn Hedge Wizard on Jan 26, 2021.
             Slain by a worm (4 damage)
             ... on level 2 of the Dungeon.
             The game lasted 00:09:00 (1811 turns).

Aeth the Magician (Demonspawn Hedge Wizard)         Turns: 1811, Time: 00:09:00

Health: -2/24      AC:  3    Str: 10    XL:     3   Next: 10%
Magic:  0/7        EV: 12    Int: 16    God:
Gold:   34         SH:  0    Dex: 12    Spells: 5/8 levels left

rFire    . . .     SeeInvis .   f - +0 short sword
rCold    . . .     Faith    .   (no shield)
rNeg     . . .     Spirit   .   d - +0 leather armour
rPois    .         Reflect  .   c - +0 hat
rElec    .         Harm     .   (no cloak)
rCorr    +         Rampage  .   (no gloves)
Will     .....                  (no boots)
Stlth    ++........             (no amulet)
HPRegen  0.08/turn              e - ring of resist corrosion
MPRegen  0.20/turn              (no ring)

@: attractive, flying
A: magic regeneration
a: no special abilities


You were on level 2 of the Dungeon.
You visited 1 branch of the dungeon, and saw 2 of its levels.

You collected 34 gold pieces.

Inventory:

Hand Weapons
 a - a +0 dagger
 f - a +0 short sword (weapon)
Armour
 b - a +0 robe
 c - a +0 hat (worn)
 d - a +0 leather armour (worn)
Jewellery
 e - a ring of resist corrosion (left hand)
Scrolls
 g - 3 scrolls of identify {unknown}
 h - a scroll of noise {unknown}
 k - a scroll of remove curse {unknown}
 l - a scroll of teleportation {unknown}


   Skills:
 + Level 1.0 Armour
 + Level 1.9 Dodging
 - Level 2.1 Stealth
 + Level 3.4 Spellcasting
 + Level 1.4 Conjurations
 + Level 1.0 Summonings
 - Level 1.0 Translocations


You had 5 spell levels left.
You knew the following spells:

 Your Spells              Type           Power        Failure   Level
a - Magic Dart            Conj           28%          14%         1
b - Blink                 Tloc           N/A          24%         2

Your spell library contained the following spells:

 Spells                   Type           Power        Failure   Level
 Call Imp                 Summ           5%           24%         2
 Slow                     Hex            2%           36%         2
 Conjure Flame            Conj/Fire      4%           50%         3
 Mephitic Cloud           Conj/Pois/Air  4%           52%         3


Dungeon Overview and Level Annotations

Branches:
Dungeon (2/15)

Altars:
Zin


Innate Abilities, Weirdness & Mutations

You regenerate magic rapidly.


Message History

The worm bites you!
* * * LOW HITPOINT WARNING * * *
It was a potion of flight.
You feel very buoyant.
You fly up into the air.
The worm bites you.
* * * LOW HITPOINT WARNING * * *
It was a potion of attraction.
You feel attractive to monsters.
There is a glowing silver altar of Zin here.
Casting: Magic Dart (safe; 14% risk of failure)
Confirm with . or Enter, or press ? or * to list all spells.
Aiming: Magic Dart (safe; 14% risk of failure)
Press: ? - help, Shift-Dir - straight line, f/p - worm
Aim: a worm (heavily wounded, 0% to evade)
The magic dart hits the worm.
The worm is severely wounded.
You hit the worm.
The worm is almost dead.
The worm bites you.
You die...

#..
#.###################
#.#................<#
#
#.#.###########..####
..#w#.#.#### ##.#
.......รท>..# #.#
....#.#.############.#
..# #..## #$##..##.# #
#..+ #$$#@w.'.# ....#
#$##..#### .....#
####### $.....#
......#


You could see a worm.

Vanquished Creatures
  A worm (D:2)
  2 dart slugs (D:1)
  A giant cockroach (D:1)
  A goblin (D:1)
  4 hobgoblins (D:1)
  A ball python (D:1)
  7 bats
  6 kobolds (D:1)
  2 rats (D:1)
25 creatures vanquished.

Notes
Turn   | Place    | Note
-------+----------+-------------------------------------------
     0 | D:1      | Aeth the Demonspawn Hedge Wizard began the quest for the
                  | Orb.
     0 | D:1      | Reached XP level 1. HP: 13/13 MP: 4/4
   669 | D:1      | Gained mutation: You regenerate magic rapidly. [demonic
                  | ancestry]
   669 | D:1      | Reached XP level 2. HP: 18/19 MP: 6/6
  1142 | D:1      | Reached skill level 1 in Translocations
  1181 | D:1      | Learned a level 2 spell: Blink
  1485 | D:2      | Found a glowing silver altar of Zin.
  1515 | D:2      | Reached XP level 3. HP: 23/24 MP: 2/7
  1581 | D:2      | Reached skill level 1 in Armour
  1807 | D:2      | HP: 1/24 [worm (2)]
  1811 | D:2      | Slain by a worm

Illustrated notes

Levels and vault maps discovered:
D:1:      minmay_arrival_wavy_path, layout_basic, minmay_pentomino_u2
D:2:      layout_basic, pdpol_temple_overflow_zin_treasury_gozag_greed,
          st_stairs_10

Skill      XL: |  1  2  3 |
---------------+----------+-----
Stealth        | 2 |  2.1
Translocations | 1 |  1.0
Armour         | 1 |  1.0
Dodging        | |  1.9
Spellcasting   | |  3.4
Conjurations   | |  1.4
Summonings     | |  1.0

Action                   || total
-------------------------++-------
Melee: Short sword       ||    45
 Cast: Magic Dart        ||    71
  Use: Potion            ||     2
Armor: Leather armour    ||    19
Dodge: Dodged            ||    23

Table legend: (Time is in decaauts)
 A = Elapsed time spent in this place.
 B = Non-inter-level travel time spent in this place.
 C = Inter-level travel time spent in this place.
 D = Time resting spent in this place.
 E = Time spent auto-exploring this place.
 F = Levels seen in this place.
 G = Mean time per level.
                   A        B        C        D        E       F      G
               +--------+--------+--------+--------+--------+-----+--------+
         Total |   1814 |   1785 |     29 |    772 |    692 |   2 |  907.0 |
       Dungeon |   1814 |   1785 |     29 |    772 |    692 |   2 |  907.0 |
               +--------+--------+--------+--------+--------+-----+--------+

Top non-repeatable levels by time:
     D:1: 1478 daAuts
     D:2: 335 daAuts
